[Event "TUR-ch U13-18 Open 2023"]
[Site "Antalya"]
[Date "2023.01.23"]
[Round "3"]
[White "Ince, Taylan Ruzgar"]
[Black "Yilmaz, Kerem Tuna"]
[Result "1/2-1/2"]
[ECO "E09"]
[WhiteElo "2267"]
[BlackElo "1706"]
[Annotator "TA"]
[PlyCount "90"]
[EventDate "2023.01.17"]
[EventType "swiss"]
[EventCountry "TUR"]
[SourceTitle "playchess.com"]
[Source "ChessBase"]
[SourceQuality "1"]
[TimeControl "5400+30"]

1. d4 d5 2. c4 e6 3. Nf3 Nf6 4. g3 Be7 5. Bg2 O-O 6. O-O c6 7. Qc2 Nbd7 8. Nbd2 b6 9. e4 dxe4 10. Nxe4 Bb7 11. Rd1 Qc8 12. Nc3 {[%emt 0:04:30] E09: Closed Catalan: Main Line: 7 Qc2 c6 8 Nbd2.} Rd8 13. Bf4 Nf8 14. Ne5 {[%emt 0:02:30] White is slightly better.} Ng6 15. Nxg6 hxg6 16. Qe2 Bd6 {[%emt 0:04:00] [#]} 17. Bxd6 $146 ({Predecessor:} 17. Bg5 Re8 18. Qf3 Be7 19. Rd2 Nh7 20. Bxe7 Rxe7 21. Ne4 Qc7 22. Rad1 f5 23. Nc3 {1-0 Mikhailov,I (1949)-Toporkova,S (1578) St Petersburg Autumn op 2010 (5)}) 17... Rxd6 18. Rd2 Qd7 19. Rad1 Rd8 20. Qe5 c5 21. Nb5 Bxg2 22. Qxd6 (22. Nxd6 $14 Bf3 23. dxc5 Bxd1 24. Rxd1) 22... Qxd6 $11 23. Nxd6 Bf3 24. dxc5 $1 {[%emt 0:08:30][%cal Od6e4] [#] Black must now prevent Ne4!} Bxd1 25. Rxd1 bxc5 {[%emt 0:00:30][%mdl 4096] Endgame ...Ne8 would be deadly. KRN-KRN} 26. Rd2 $1 Kf8 {[%emt 0:14:30] aiming for ...Ke7.} 27. Ne4 $1 {[%emt 0:00:00][%mdl 64] [#] Discovered Attack} Rxd2 28. Nxd2 {[%emt 0:00:30] KN-KN} Ke7 29. Kf1 Kd6 30. Ke2 g5 31. Kd3 Ke5 32. a3 Ng4 {[%emt 0:00:30][%csl LRf2,LRh2] The position is equal.} 33. Nf3+ Kf5 34. Ke2 a5 35. b3 Nf6 36. h3 g4 37. hxg4+ Nxg4 38. Ne1 {[%emt 0:00:30] Hoping for Nd3.} Ke5 39. f3 Nh6 40. Kd3 Nf5 41. f4+ Kd6 42. g4 Nh6 43. g5 Nf5 44. Nf3 f6 45. Nd2 Ng3 {[%emt 0:25:55] Weighted Error Value: White=0.06 (flawless) /Black=0.05 (flawless)} 1/2-1/2

[Event "TUR-ch U13-18 Open 2023"]
[Site "Antalya"]
[Date "2023.01.23"]
[Round "3"]
[White "Yildirim, Ibrahim Halil"]
[Black "Kocer, Ahmet Doruk"]
[Result "1-0"]
[ECO "B45"]
[WhiteElo "2124"]
[BlackElo "1663"]
[Annotator "TA"]
[PlyCount "55"]
[EventDate "2023.01.17"]
[EventType "swiss"]
[EventCountry "TUR"]
[SourceTitle "playchess.com"]
[Source "ChessBase"]
[SourceQuality "1"]
[TimeControl "5400+30"]

1. e4 c5 2. Nf3 e6 3. d4 cxd4 4. Nxd4 Nf6 5. Nc3 Nc6 6. Nxc6 bxc6 7. e5 Nd5 8. Ne4 Qa5+ 9. c3 f5 {[%emt 0:00:00] was the old line (9...Ba6).} 10. exf6 {[%emt 0:01:30] B45: Sicilian Four Knights.} Nxf6 11. Nd6+ Bxd6 12. Qxd6 {[%emt 0:00:30] White is slightly better.} Ba6 13. Bxa6 Qxa6 {[%emt 0:00:30] Black is weak on the dark squares} 14. Be3 Kf7 15. Bd4 {[%emt 0:07:30] [#] Bxf6 would be deadly.} Rad8 $146 ({Predecessor:} 15... Rhb8 16. Bxf6 Kxf6 17. Qd4+ Kg6 18. Qxd7 Qc4 19. Qd2 Rb5 20. f3 Rd8 21. Qxd8 Rxb2 {½-½ Panarin,M (2475)-Halkias,S (2533) Moscow Aeroflot op-B 2005 (2)}) 16. f3 (16. Bc5 Rb8 17. b4 Qc4 $15) 16... Qd3 17. Rd1 Qc2 18. O-O {[%emt 0:00:30][%cal Bh1f1,Bf1f2,Bf2d2][%mdl 32] White wants to play Bxf6.} Qxb2 19. Rf2 (19. Bc5 Qxc3 20. Qe7+ (20. Bxa7 Qa5 $15) 20... Kg6 $15) 19... Qb5 20. Bxa7 ({Reject} 20. Bc5 Rhe8 $15) 20... Ra8 21. Bd4 $36 {[%emt 0:00:45][%mdl 2048] Threatens to win with Bxf6. White is pushing.} Rhd8 $1 22. Rfd2 Qc4 (22... Qb8 $11 23. Qc5 d6) 23. Bxf6 $16 gxf6 {[%emt 0:00:18] [#]} 24. Qc7 $1 {[%emt 0:00:04] Repels Ra7} Qc5+ 25. Kh1 Qa5 $2 (25... Kg6 $16) 26. Rxd7+ {[%emt 0:00:30] White mates.} Rxd7 27. Rxd7+ Kg8 28. Rg7+ {[%emt 0:00:00] Weighted Error Value: White=0.07 (flawless) /Black=0.47} 1-0

[Event "TUR-ch U13-18 Open 2023"]
[Site "Antalya"]
[Date "2023.01.23"]
[Round "3"]
[White "Kavri, Yusuf Eren"]
[Black "Ogur, Nidal Hevi"]
[Result "1-0"]
[ECO "E43"]
[WhiteElo "2050"]
[BlackElo "1511"]
[Annotator "TA"]
[PlyCount "101"]
[EventDate "2023.01.17"]
[EventType "swiss"]
[EventCountry "TUR"]
[SourceTitle "playchess.com"]
[Source "ChessBase"]
[SourceQuality "1"]
[TimeControl "5400+30"]

1. d4 {[%emt 0:02:00] Kotov,A/Primel} Nf6 2. c4 e6 3. Nc3 Bb4 4. Nf3 b6 5. e3 Bb7 6. Bd3 Ne4 7. Qc2 Bxc3+ 8. bxc3 f5 9. O-O O-O 10. Nd2 Qh4 11. f3 Nxd2 12. Bxd2 d6 13. g3 {[%emt 0:09:30] E43: Nimzo-Indian: Rubinstein: 4...b6.} Qh5 14. e4 Nd7 15. Rae1 {[%emt 0:04:30] The position is equal.} e5 16. Kg2 f4 {[%emt 0:03:30] [#]} 17. Re2 $146 ({Predecessor:} 17. g4 Qg6 18. Rh1 Qf6 19. Qb2 h5 20. gxh5 Qh4 21. Reg1 Nf6 22. Be1 Qxh5 23. h4 {1-0 Goglidze,V-Levenfish,G URS-ch08 Final 1933}) 17... g5 18. g4 Qf7 19. Kf2 Kg7 (19... h5 $15 20. h3 Kg7) 20. Ke1 (20. h4 $11) 20... a5 (20... h5 $15 21. Rg2 h4) 21. Qa4 (21. h4 $5 ) 21... Qe7 22. h4 h6 23. Rh1 Rh8 24. Reh2 Rag8 25. Kd1 (25. Ke2 {feels hotter.} Nf6 26. Be1 Bc8 27. Kd2) 25... Nf6 26. Kc1 Bc8 27. Qc6 (27. Qd1 $14) 27... Qd7 (27... Bd7 $11 28. Qxc7 Rc8) 28. Qxd7+ Nxd7 29. Kc2 h5 30. gxh5 Rxh5 31. hxg5 Rxh2 32. Rxh2 Rh8 {[%emt 0:00:30] Inhibits Rh6.} (32... Nf8 $1 $11) 33. Rxh8 $16 Kxh8 {[%emt 0:00:30][%mdl 4096] Endgame [#] KBB-KBN} 34. c5 $1 bxc5 35. Bb5 Nb6 $2 (35... Kg7 $16 {was worth a try.}) 36. dxc5 dxc5 37. c4 {[%emt 0:00:30] Bc3 would be deadly.} Kg7 $2 (37... Bb7 {keeps fighting.} 38. Bc3 (38. Bxa5 Kg7 $18) 38... Kg8) 38. Bc3 $18 ({Not} 38. Bxa5 Kg6 39. Bc3 Nd7 40. Bxd7 Bxd7 41. Bxe5 Kxg5 42. Bxc7 Be8 $18) 38... c6 39. Bxe5+ Kg6 40. Bxc6 Nxc4 $2 (40... Kxg5 41. Kc3 Bd7) 41. Bxf4 Ba6 42. Kc3 Nb6 43. Be3 Nc4 44. Bf4 Nb6 $1 45. Bc1 Bc4 46. a3 {[%emt 0:01:39] [#] And now f4 would win.} Be2 47. f4 Nc8 48. f5+ Kg7 49. f6+ {[%emt 0:00:30] White mates.} Kf8 50. g6 Bh5 51. Bh6+ {[%emt 0:00:00] Weighted Error Value: White=0.34/Black=0.41} 1-0

[Event "TUR-ch U13-18 Open 2023"]
[Site "Antalya"]
[Date "2023.01.23"]
[Round "3"]
[White "Deveci, Huseyin Said"]
[Black "Torun, Kagan"]
[Result "1-0"]
[ECO "A25"]
[WhiteElo "1987"]
[BlackElo "1442"]
[Annotator "TA"]
[PlyCount "67"]
[EventDate "2023.01.17"]
[EventType "swiss"]
[EventCountry "TUR"]
[SourceTitle "playchess.com"]
[Source "ChessBase"]
[SourceQuality "1"]
[TimeControl "5400+30"]

1. c4 e5 2. g3 Nc6 3. Bg2 f5 4. Nc3 Nf6 5. d3 Bb4 6. e3 {[%emt 0:00:30] A25: English Opening vs King's Indian with ...Nc6 but without early d3.} (6. Bd2 $11) 6... e4 ({Black should try} 6... Bxc3+ $1 $15 7. bxc3 e4) 7. d4 (7. Nge2 $14 {stays ahead.}) 7... d5 (7... Bxc3+ $17 8. bxc3 d6) 8. cxd5 $11 {[%emt 0:02:30] The position is equal.} Qxd5 9. Nge2 O-O 10. O-O Qf7 11. f3 {[%emt 0:05:00] [#]} Bxc3 $146 ({Predecessor:} 11... exf3 12. Bxf3 Bd7 13. a3 Bd6 14. Nb5 Rae8 15. Nec3 Na5 16. Nxd6 cxd6 17. d5 Qg6 {0-1 Kaustuv,K (2349)-Mchedlishvili,M (2578) New Delhi Parsvnath op-A 18th 2020 (2)}) 12. Nxc3 Qe7 (12... exf3 $14 13. Qxf3 a5) 13. fxe4 $1 $16 fxe4 14. Qb3+ Kh8 {[%emt 0:00:30] [#]} 15. Nxe4 {[%emt 0:05:30] White is more active.} Be6 (15... Bh3 $1 $14 16. Bxh3 Nxe4) 16. Qa3 ({Not} 16. Qxb7 Nxe4 17. Rxf8+ (17. Bxe4 Rxf1+ 18. Kxf1 Rf8+ 19. Kg2 Nd8 $19 {[%mdl 64] Decoy}) 17... Rxf8 18. Qxc6 (18. Bxe4 $2 Bh3 $19) 18... Qf6 $17) 16... Qxa3 17. bxa3 {[%emt 0:00:30] Nxf6 is the strong threat.} Bc4 18. Rd1 Nd5 (18... Nxe4 $16 19. Bxe4 Rae8) 19. Bd2 $18 Rae8 20. Re1 {[%emt 0:01:00] Wards off Be2} Re7 $2 (20... Nd8 21. Nc5 c6) 21. Rac1 Nb6 22. Nc5 Ref7 23. Bc3 Rf2 24. e4 Rxa2 25. d5 Rff2 {[%emt 0:01:30] [#]} 26. Bh1 {[%emt 0:00:30] This pair of bishops is nice.} Ne7 (26... Nd8 {was called for.}) 27. Ne6 ({Don't do} 27. Nxb7 Rxh2 28. Be5 c6 $18) 27... Nexd5 $2 (27... c5 28. Nxc5 Rxh2 29. Nxb7 Kg8) 28. exd5 Bxd5 29. Nf4 Bf7 30. Bd4 (30. Re7 $142 Rxf4 31. gxf4) 30... Rfc2 31. Rxc2 Rxc2 32. Bxb7 c5 33. Be5 {[%emt 0:01:15] Rd1 would be deadly.} c4 (33... Nc4 $142 34. Bb8 a5) 34. Rd1 {[%emt 0:01:21] An entertaining game by Deveci.   Weighted Error Value: White=0.53/Black=0.47} 1-0

[Event "TUR-ch U13-18 Open 2023"]
[Site "Antalya"]
[Date "2023.01.23"]
[Round "3"]
[White "Durucay, Uygar"]
[Black "Koyuncu, Omer Arda"]
[Result "1-0"]
[ECO "A48"]
[WhiteElo "1926"]
[BlackElo "1627"]
[Annotator "TA"]
[PlyCount "111"]
[EventDate "2023.01.17"]
[EventType "swiss"]
[EventCountry "TUR"]
[SourceTitle "playchess.com"]
[Source "ChessBase"]
[SourceQuality "1"]
[TimeControl "5400+30"]

1. d4 Nf6 2. Nf3 g6 3. Bg5 Bg7 4. Nbd2 d6 5. c3 O-O 6. e4 Nbd7 7. Bd3 c6 {[%emt 0:02:30] A48: 1 d4 Nf6 2 Nf3 g6: Torre, London and Colle Systems.} (7... h6 $5 8. Be3 e5 $11) 8. O-O Qc7 9. Qc2 e5 {[%emt 0:05:30] The position is equal.} 10. dxe5 dxe5 {[%emt 0:00:30] [#]} 11. b4 $146 ({Predecessor:} 11. Rfe1 Nc5 12. Nc4 Nh5 13. Ne3 h6 14. Bh4 Nxd3 15. Qxd3 Be6 16. Qc2 f5 17. exf5 gxf5 {0-1 Alderete,J (1568)-Arbona Avila,Z Olympiad Women-39 2010 (9.44)}) 11... h6 12. Bh4 Nh5 13. Rfe1 Nf4 14. Bf1 g5 15. Bg3 Ng6 16. Nc4 Nb6 17. Ne3 f6 (17... a5 $14) 18. a4 $16 {[%emt 0:02:30][%cal Ba2a4,Ba4a5][%mdl 32] White is more active.} Be6 19. a5 Nc8 20. Bc4 Bxc4 21. Nxc4 Nd6 (21... Rd8 $14) 22. Nxd6 Qxd6 23. Nd2 (23. Nd4 $16) 23... h5 24. f3 h4 25. Bf2 {[%emt 0:00:30] Black must now prevent Bc5.} Rfd8 26. Nc4 Qe6 27. Ne3 Nf4 28. Rad1 Bf8 29. g3 Nh3+ 30. Kg2 Nxf2 31. Qxf2 h3+ 32. Kh1 Qb3 33. Qc2 (33. Rb1 $16 Qe6 34. Qf1) 33... Qxc2 $11 34. Nxc2 c5 35. b5 b6 36. a6 {[%emt 0:00:30] And now c4 would win.} c4 $1 {[%emt 0:00:49] ...Bc5 would be deadly.} 37. Ne3 Rd3 38. Rxd3 cxd3 {[%emt 0:00:00][%mdl 4096] Endgame KRB-KRN} 39. Rd1 Bc5 40. Nd5 Kf7 41. Rxd3 {[%emt 0:00:30] aiming for Nc7.} Rd8 $2 (41... Rc8 $11 {and Black has nothing to worry.}) 42. Rd1 $2 (42. Nb4 $18 Rxd3 43. Nxd3) 42... Rc8 43. Rf1 Ke6 44. Rb1 f5 45. Rf1 (45. Rd1 $1 $11 {was the only way to keep the balance.}) 45... g4 {[%emt 0:00:28] Threatens to win with ...gxf3.} 46. c4 fxe4 47. fxe4 {[%emt 0:00:30] [#]} (47. fxg4 $2 {is the wrong capture.} Bd4 48. Rf6+ Kd7 49. Rf7+ Kd6 50. Rf6+ (50. Rxa7 {is a self mate.} Rxc4) 50... Kc5 $19) 47... Be7 {[%emt 0:00:00] Repels Rf6+} ({Black should play} 47... Bd4 $1 $17 48. Rf6+ Kd7) 48. Ne3 Bg5 49. Nxg4 {[%emt 0:00:30] Strongly threatening Rf5.} Rxc4 50. Nf2 Rc1 $2 {[%emt 0:00:16][%mdl 8192] [#] Loses the game.} (50... Be7 $14) 51. Rxc1 $1 $18 Bxc1 52. Nxh3 Kd6 53. Nf2 Kc5 54. Nd3+ {[%emt 0:00:00] White mates.} Kxb5 55. Nxc1 Kxa6 56. h4 {[%emt 0:00:00] Weighted Error Value: White=0.19 (very precise) /Black=0.37} 1-0

[Event "TUR-ch U13-18 Open 2023"]
[Site "Antalya"]
[Date "2023.01.23"]
[Round "3"]
[White "Anacak, Hasan Gunes"]
[Black "Aksu, Ata Anil"]
[Result "1/2-1/2"]
[ECO "B47"]
[WhiteElo "1898"]
[BlackElo "1680"]
[Annotator "NA RC COMBH"]
[PlyCount "71"]
[EventDate "2023.01.17"]
[EventType "swiss"]
[EventCountry "TUR"]
[SourceTitle "playchess.com"]
[Source "ChessBase"]
[SourceQuality "1"]
[TimeControl "5400+30"]

1. e4 c5 2. Nf3 e6 3. d4 cxd4 4. Nxd4 Nc6 5. Nc3 Qc7 6. f4 a6 7. Nf3 b5 8. Bd3 Bc5 9. Qe2 d6 (9... Nd4 $11 10. Nxd4 Bxd4) 10. Be3 Qa7 11. Bxc5 Qxc5 12. Nd1 (12. e5 $14 d5 13. Qf2 Qxf2+ 14. Kxf2) 12... Nf6 13. Nf2 e5 14. f5 Bb7 15. c3 (15. O-O-O {was preferrable.}) 15... O-O 16. Nd2 d5 17. O-O Rfd8 18. Kh1 b4 (18... d4 $142) 19. exd5 Nxd5 20. Nfe4 Qf8 21. Bc4 bxc3 22. bxc3 Na5 23. Bxd5 Rxd5 24. Qg4 (24. f6 $11) 24... f6 $1 25. Rab1 Rad8 26. Nf3 Rb5 27. Rbd1 Bd5 28. a4 Rb2 29. Ng3 Rc2 30. Rxd5 Rxd5 31. Qe4 Rdd2 32. Nxd2 Rxd2 33. Nh5 h6 34. h3 Kh7 35. Rb1 Qf7 36. Qg4 $11 1/2-1/2

[Event "TUR-ch U13-18 Open 2023"]
[Site "Antalya"]
[Date "2023.01.23"]
[Round "3"]
[White "Karademir, Bugra"]
[Black "Acar, Erdogan"]
[Result "0-1"]
[ECO "B23"]
[WhiteElo "1889"]
[BlackElo "1631"]
[Annotator "NA RC COMBH"]
[PlyCount "51"]
[EventDate "2023.01.17"]
[EventType "swiss"]
[EventCountry "TUR"]
[SourceTitle "playchess.com"]
[Source "ChessBase"]
[SourceQuality "1"]
[TimeControl "5400+30"]

1. e4 c5 2. Nc3 e6 3. Nge2 Nc6 4. g3 d5 5. exd5 exd5 6. d4 Bg4 7. Bg2 $1 Nxd4 8. Qd3 Qe7 9. Bxd5 O-O-O 10. f3 Bf5 11. Be4 Bxe4 12. Nxe4 f5 13. N4c3 Qe6 14. Nb5 (14. O-O $5 ) 14... Nxb5 15. Qxb5 a6 $11 16. Qb3 Qc6 17. O-O Nf6 18. Bg5 Re8 19. Rae1 c4 20. Qc3 Nd5 21. Qd2 Bc5+ 22. Kh1 h6 23. Bf4 g5 24. Bxg5 hxg5 25. Qxg5 Ne3 26. Rf2 0-1

[Event "TUR-ch U13-18 Open 2023"]
[Site "Antalya"]
[Date "2023.01.23"]
[Round "3"]
[White "Ermemis, Kadir Efe"]
[Black "Ozen, Metehan"]
[Result "0-1"]
[ECO "C68"]
[WhiteElo "1808"]
[BlackElo "2137"]
[Annotator "TA"]
[PlyCount "113"]
[EventDate "2023.01.17"]
[EventType "swiss"]
[EventCountry "TUR"]
[SourceTitle "playchess.com"]
[Source "ChessBase"]
[SourceQuality "1"]
[TimeControl "5400+30"]

1. e4 e5 2. Nf3 Nc6 3. Bb5 a6 4. Bxc6 dxc6 5. O-O Bd6 6. d4 exd4 7. Qxd4 f6 8. Re1 Ne7 9. Be3 O-O 10. Nbd2 Be6 11. Rad1 Qe8 {[%emt 0:30:30] C68: Ruy Lopez: Exchange Variation, sidelines.} 12. Nc4 Bxc4 (12... Bb4 {simplifies} 13. c3 Rd8 14. Qxd8 Qxd8 15. Rxd8 Rxd8 16. cxb4 Bxc4 17. b3 Be6) 13. Qxc4+ {[%emt 0:00:30] [#]} Kh8 $146 {[%emt 0:00:00] White has an edge.} ({Predecessor:} 13... Qf7 14. Qxf7+ Rxf7 15. Nd4 Re8 16. f3 c5 17. Ne6 b6 18. Bf4 Nc8 19. Bxd6 cxd6 {½-½ Masker,E-Pytel,M La Fere op 1st 2002 (7)}) 14. Nd4 (14. Bc5 {simplifies} Bxc5 15. Qxc5 Ng6 16. Qc3) 14... Qh5 15. g3 Rfe8 16. Kg2 (16. f4 $5) 16... c5 17. Nf3 Nc6 {[%emt 0:03:30] [#]} (17... b6 $11 {keeps the balance.}) 18. Rd5 $1 $16 Qf7 19. Bxc5 b5 20. Qb3 Ne7 21. Rxd6 ({White must play} 21. Bxd6 $16 Nxd5 22. Bc5) 21... Qxb3 $11 22. axb3 cxd6 23. Bxd6 Rac8 24. c3 Ng6 (24... Nc6 $11) 25. Nd4 $14 Red8 26. Bb4 Ne5 {[%emt 0:01:00] [#] Strongly threatening ...Nd3.} 27. Re2 (27. Ra1 $5 ) 27... Nd3 {[%emt 0:01:54] ...Nxb4 would be deadly.} 28. Ba5 Rd7 29. Rd2 Nc5 30. Re2 Nb7 31. Bb6 Rd6 $36 {[%emt 0:00:20][%mdl 2048] White is under pressure.} 32. Ba7 Ra8 33. Nf5 (33. e5 $1 $11 {was the only way to keep the balance.} fxe5 34. Rxe5) 33... Rxa7 $17 34. Nxd6 Nxd6 {[%emt 0:00:00][%mdl 4096] Endgame KRN-KR} 35. Kf3 Kg8 36. Ke3 Kf7 37. Kd4 Ke6 (37... Re7 $19 38. Kd3 Rd7) 38. Kc5 (38. e5 $17 Nb7 39. b4) 38... Nc8 39. Kc6 Ne7+ (39... Rd7 $17 {White must now prevent ...Ne7+.} 40. e5 Ne7+ 41. Kb6 fxe5 42. Kxa6 Rd5) 40. Kb6 $11 Nc8+ (40... Ra8 $11) 41. Kc6 $17 Rd7 {[%emt 0:04:56] Wards off e5} 42. f4 Ne7+ 43. Kc5 (43. Kb6 $17 {was called for.}) 43... Rd6 $19 44. c4 (44. Rf2 $142) 44... Rc6+ 45. Kb4 Rc8 46. cxb5 Rb8 47. Ka5 axb5 48. Rc2 {[%emt 0:00:30] Repels Nc6+} (48. Rd2) 48... Kd6 {[%emt 0:00:30] aiming for ...Nc6+.} 49. Rd2+ Kc7 {[%emt 0:00:30] ( -> ...Nc6+)} 50. Kb4 Kb6 51. Rd7 Nc6+ 52. Kc3 Rb7 53. Rd1 Re7 54. Re1 Kc5 55. g4 g5 56. e5 (56. fxg5 $142 fxg5 57. Rc1) 56... gxf4 57. exf6 {[%emt 0:00:30] What a bad dream for White.   Weighted Error Value: White=0.31/Black=0.18 (very precise)} 0-1

[Event "TUR-ch U13-18 Open 2023"]
[Site "Antalya"]
[Date "2023.01.23"]
[Round "3"]
[White "Uysal, Ugur"]
[Black "Oflaz, Avni"]
[Result "1-0"]
[ECO "D64"]
[WhiteElo "1760"]
[BlackElo "1471"]
[Annotator "NA RC COMBH"]
[PlyCount "95"]
[EventDate "2023.01.17"]
[EventType "swiss"]
[EventCountry "TUR"]
[SourceTitle "playchess.com"]
[Source "ChessBase"]
[SourceQuality "1"]
[TimeControl "5400+30"]

1. Nf3 Nf6 2. d4 e6 3. c4 d5 4. Nc3 Be7 5. Bg5 O-O 6. e3 Nbd7 7. Rc1 c6 8. Qc2 Re8 9. Bd3 dxc4 10. Bxc4 Nd5 11. Bxe7 Qxe7 12. O-O Nxc3 13. Qxc3 e5 14. dxe5 Nxe5 15. Nxe5 Qxe5 16. Qb3 Qc7 17. Rfd1 Be6 18. Bxe6 Rxe6 19. Rd4 Ree8 20. Rcd1 Rad8 21. h3 Rxd4 22. Rxd4 g6 23. Qd1 Re7 24. Qd2 a6 25. Rd8+ Kg7 26. Rd6 c5 27. b4 Re6 28. Qc3+ Kg8 29. Rxe6 fxe6 30. bxc5 Qc6 31. Qd4 Kf7 32. e4 h6 33. e5 Qd5 34. Qxd5 exd5 35. f4 Ke6 36. Kf2 d4 37. g4 g5 38. Kf3 gxf4 39. Kxf4 d3 40. Ke3 Kxe5 41. Kxd3 Kf4 42. Kd4 Kg3 43. Ke5 Kxh3 44. Kd6 Kxg4 45. Kc7 h5 46. Kxb7 h4 47. c6 h3 48. c7 1-0

[Event "TUR-ch U13-18 Open 2023"]
[Site "Antalya"]
[Date "2023.01.23"]
[Round "3"]
[White "Zerey, Demhat"]
[Black "Yamakoglu, Mustafa Ege"]
[Result "0-1"]
[ECO "B28"]
[WhiteElo "1756"]
[BlackElo "1372"]
[Annotator "NA RC COMBH"]
[PlyCount "75"]
[EventDate "2023.01.17"]
[EventType "swiss"]
[EventCountry "TUR"]
[SourceTitle "playchess.com"]
[Source "ChessBase"]
[SourceQuality "1"]
[TimeControl "5400+30"]

1. e4 c5 2. Nf3 a6 3. d4 cxd4 4. Nxd4 Nf6 5. Bd3 e5 6. Nb3 Qc7 7. Bg5 d6 8. c4 Be6 9. Qe2 Nbd7 10. Nc3 Be7 11. Rc1 h6 12. Nd5 Bxd5 13. cxd5 Qd8 14. Be3 g5 15. f3 Nh5 16. g3 Rc8 17. O-O Rg8 18. Kh1 Ndf6 19. Qd2 Qd7 20. g4 Nf4 21. Rxc8+ Qxc8 22. Rc1 Qd7 23. Rc3 h5 24. Qc2 Bd8 25. Bxf4 gxf4 26. g5 Rxg5 27. Qf2 Qh3 28. Bf1 Qd7 29. Rc2 h4 30. Qxh4 Nh5 31. Bh3 Qb5 32. Qe1 Qd3 33. Rc3 Qb5 34. Bg4 Nf6 35. h3 Nh5 36. Bxh5 Rxh5 37. Kh2 Bh4 38. a4 0-1

[Event "TUR-ch U13-18 Open 2023"]
[Site "Antalya"]
[Date "2023.01.23"]
[Round "3"]
[White "Sezis, Doruk"]
[Black "Taspinar, Yanki"]
[Result "0-1"]
[ECO "E03"]
[WhiteElo "1743"]
[BlackElo "2275"]
[Annotator "TA"]
[PlyCount "93"]
[EventDate "2023.01.17"]
[EventType "swiss"]
[EventCountry "TUR"]
[SourceTitle "playchess.com"]
[Source "ChessBase"]
[SourceQuality "1"]
[TimeControl "5400+30"]

1. c4 e6 2. Nf3 d5 3. g3 Nf6 4. Bg2 dxc4 5. Qc2 Nbd7 6. Qxc4 a6 7. d4 b5 8. Qc2 Bb7 9. Be3 {[%emt 0:20:30] E03: Open Catalan: 5 Qa4+ Nbd7 6 Qxc4.} Rc8 10. O-O c5 11. Qd1 {[%emt 0:03:30] Black is slightly better.} c4 12. a3 Be7 13. Nc3 $1 O-O 14. Qc2 {[%emt 0:01:30] [#]} Bc6 $146 ({Predecessor:} 14... Nb6 15. Rfd1 Qe8 16. Bg5 a5 17. Bxf6 Bxf6 18. Ng5 Bxg5 19. Bxb7 Rc7 20. Bg2 b4 21. axb4 axb4 {0-1 Dimitrov Iliev,I-Padevsky,N BUL-ch13 Sofia 1959 (12)}) 15. Rfd1 Qc7 (15... a5 $5 ) 16. Bf4 Qb7 17. b3 (17. Nh4 $15) 17... cxb3 18. Qxb3 Nd5 ({Black should try} 18... Rfd8 $17 19. Ne1 Nb6) 19. Ne5 $1 $11 Nxe5 (19... Nxc3 {seems wilder.} 20. Nxc6 Nxe2+ 21. Kf1 Rxc6 22. Kxe2 Nb6) 20. Nxd5 Ng6 21. Nxe7+ Nxe7 {[%emt 0:01:27] Black is weak on the dark squares} 22. Bxc6 (22. f3 $5 ) 22... Rxc6 23. Rac1 Rfc8 24. Rc5 Nd5 25. Qc2 Nb6 26. Rb1 (26. Qd3 $11 {remains equal.}) 26... Qd7 27. Rc1 Nc4 (27... Rxc5 {looks sharper.} 28. dxc5 Nc4 29. Qd3 Qd5) 28. Rxc6 Qxc6 29. e4 Rd8 30. Be3 Qd6 31. a4 Qa3 32. Qc3 Qxc3 (32... Qxa4 $2 33. Ra1 b4 34. Rxa4 $18) 33. Rxc3 Nxe3 34. axb5 {[%emt 0:01:51][%mdl 4096] Endgame b6 is the strong threat. KRN-KR} Nd1 {[%emt 0:00:30][%mdl 64] [#] Zwischenzug} 35. Rc1 {[%emt 0:00:30] Threatens to win with b6.} Nxf2 36. Kxf2 (36. bxa6 $11 Ng4 37. a7) 36... axb5 {[%emt 0:00:30][%cal Ba6b5,Bb5b4][%mdl 32] KR-KR} (36... Rxd4 $2 {is a self mate.} 37. Rc8+) 37. Ke3 Rb8 38. d5 exd5 39. exd5 Kf8 40. Kd4 $2 {[%emt 0:00:30] [#]} (40. d6 $15) 40... b4 $1 $19 {[%emt 0:00:30] Hoping for ...b3.} 41. Rb1 Ke7 {[%emt 0:00:30] And now ...Kd6 would win.} 42. Kc4 $2 (42. Rb3 $1 $11 {and White has nothing to worry.}) 42... Kd6 {[%emt 0:00:00][%cal Ob4b3] White must now prevent ...b3!} 43. Rb3 $2 (43. Kb3 {is the only way for White.}) 43... Rb7 44. g4 f6 45. h4 Rb8 46. g5 $2 (46. Kd4 {was the only chance.}) 46... f5 47. h5 {[%emt 0:01:30] Weighted Error Value: White=0.38/Black=0.14 (very precise)} 0-1